 Dungeon Crawl Stone Soup version 0.16.2-3-ga078185 (webtiles) character file.

20466 dvd the Zephyrmancer (level 12, -6/66 HPs)
             Began as a Tengu Air Elementalist on Sept 4, 2015.
             Was a High Priest of Zin.
             Mangled by a death yak (20 damage)
             ... on level 6 of the Lair of Beasts on Sept 6, 2015.
             The game lasted 02:54:35 (18241 turns).

dvd the Zephyrmancer (Tengu Air Elementalist)      Turns: 18241, Time: 02:54:35

Health: -6/66      AC: 15    Str: 11    XL:     12   Next: 79%
Magic:  3/31       EV: 18    Int: 21    God:    Zin [*****.]
Gold:   573        SH:  0    Dex: 18    Spells: 7 memorised, 7 levels left

rFire  . . .     SeeInvis .     a - +4 short sword (elec)
rCold  . . .     Clarity  .     P - +3 leather armour {MR+}
rNeg   . . .     SustAb   .     (no shield)
rPois  ∞         Gourm    .     (helmet restricted)
rElec  .         Spirit   .     N - +2 cloak {rPois}
rCorr  .         Warding  .     k - +2 pair of gloves
rMut   .         Stasis   .     (boots unavailable)
MR     ++...                    (no amulet)
Stlth  +++.......               n - ring of protection from magic
                                f - +3 ring of protection

@: lethally poisoned (-6 -> -6), vitalised, repel missiles, very resistant to
hostile enchantments, fairly stealthy
A: able to fly, beak, talons 3, regeneration 1
a: Fly, Recite, Vitalisation, Imprison, Sanctuary, Renounce Religion


You were on level 6 of the Lair of Beasts.
You worshipped Zin.
Zin was extremely pleased with you.
You were hungry.

You visited 3 branches of the dungeon, and saw 19 of its levels.

You collected 811 gold pieces.
You donated 238 gold pieces to Zin.

Inventory:

Hand weapons
 a - a +4 short sword of electrocution (weapon)
 e - a +2 short sword of freezing
 H - a +4 rapier of venom
Missiles
 t - 5 tomahawks (quivered)
Armour
 h - a +0 shield
 k - a +2 pair of gloves (worn)
 C - a +2 cloak
 N - a +2 cloak of poison resistance (worn)
 P - a +3 leather armour of magic resistance (worn)
 T - the +2 ring mail of Birdsong {rElec}
   (You found it on level 1 of the Lair of Beasts)

   It insulates you from electricity.
Magical staves
 y - an uncursed staff of fire
Jewellery
 f - a +3 ring of protection (left hand)
 n - a ring of protection from magic (right hand)
 p - an uncursed ring of poison resistance
Magical devices
 q - a wand of hasting (1)
 x - a wand of teleportation (4)
 A - a wand of fire (2)
 B - a wand of digging (13)
 D - a wand of paralysis (10)
 F - a wand of cold (4)
 G - a wand of enslavement (11)
 I - a wand of frost (35)
 J - a wand of paralysis (17)
 M - a wand of slowing (37)
 O - a wand of flame (13)
Scrolls
 m - 2 scrolls of teleportation
 r - 2 scrolls of magic mapping
 u - a scroll of remove curse
 z - 7 scrolls of identify
 L - a scroll of fog
 R - 3 scrolls of enchant armour
Potions
 i - 2 potions of brilliance
 o - 2 potions of invisibility
 w - 3 potions of agility
 E - 6 potions of curing
 Q - a potion of resistance
Books
 b - a book of Air

   Spells                             Type                      Level
   a - Shock                          Conjuration/Air              1
   b - Swiftness                      Charms/Air                   2
   c - Repel Missiles                 Charms/Air                   2
   d - Flight                         Charms/Air                   3
   e - Static Discharge               Conjuration/Air              3
   f - Lightning Bolt                 Conjuration/Air              5
 d - a book of Power

   Spells                             Type                      Level
   a - Fulminant Prism                Conjuration/Hexes            4
   b - Iskenderun's Mystic Blast      Conjuration                  4
   c - Venom Bolt                     Conjuration/Poison           5
   d - Bolt of Magma                  Conjuration/Fire/Earth       5
   e - Iron Shot                      Conjuration/Earth            6
   f - Orb of Destruction             Conjuration                  7
   g - Spellforged Servitor           Conjuration/Summoning        7
 g - a book of Beasts

   Spells                             Type                      Level
   a - Summon Butterflies             Summoning                    1
   b - Call Canine Familiar           Summoning                    3
   c - Summon Ice Beast               Ice/Summoning                4
   d - Summon Mana Viper              Hexes/Summoning              5
   e - Monstrous Menagerie            Summoning                    6
   f - Summon Hydra                   Summoning                    7
 v - a book of Callings

   Spells                             Type                      Level
   a - Summon Small Mammal            Summoning                    1
   b - Call Imp                       Summoning                    2
   c - Call Canine Familiar           Summoning                    3
   d - Summon Guardian Golem          Hexes/Summoning              4
   e - Summon Lightning Spire         Summoning/Air                4
   f - Summon Ice Beast               Ice/Summoning                4
Miscellaneous
 K - a disc of storms
Comestibles
 c - 9 bread rations
 j - 8 meat rations
 s - 6 fruits


   Skills:
 + Level 3.7 Fighting
 + Level 4.1 Short Blades
 + Level 3.4 Armour
 + Level 9.3 Dodging
 + Level 5.6 Stealth
 + Level 9.3 Spellcasting
 + Level 9.9 Conjurations
 * Level 5.1 Charms
 + Level 5.8 Summonings
 + Level 11.2 Air Magic
 + Level 4.2 Invocations


You had 7 spell levels left.
You knew the following spells:

 Your Spells              Type           Power        Failure   Level  Hunger
a - Shock                 Conj/Air       ####         1%          1    None
b - Repel Missiles        Chrm/Air       #####.       1%          2    None
c - Static Discharge      Conj/Air       ######..     1%          3    None
d - Lightning Bolt        Conj/Air       ######....   3%          5    #####..
e - Summon Lightning Spi  Summ/Air       #####...     2%          4    ##.....
f - Call Canine Familiar  Summ           ####....     2%          3    None
g - Iskenderun's Mystic   Conj           ######..     1%          4    ##.....


Dungeon Overview and Level Annotations

Branches:
Dungeon (10/15)            Temple (1/1) D:7            Lair (8/8) D:10
  Swamp (0/5) Lair:4        Snake (0/5) Lair:4
  Slime: Lair:6-8       Orc: D:9-12

Altars:
Ashenzari
Cheibriados
Dithmenos
Elyvilon
Fedhas
Gozag
Kikubaaqudgha
Makhleb
Nemelex Xobeh
Okawaru
Qazlal
Ru
Sif Muna
Trog
Vehumet
Xom
Yredelemnul
Zin
The Shining One

Shops:
D:8 *

Annotations:
Lair:2 exclusion: oklob plant


Innate Abilities, Weirdness & Mutations

You can fly.
You have a beak for a mouth.
You have claws for feet.
Your natural rate of healing is unusually fast.


Message History

The black mamba closely misses you. The death yak barely misses you.
The black mamba bites you!!
You are poisoned.
The black mamba poisons you!
Casting: Shock
Confirm with . or Enter, or press ? or * to list all spells.
Aiming: Shock
Press: ? - help, Shift-Dir - straight line, f/p - death yak
Aim: a death yak (moderately wounded)
The zap hits the death yak.
The death yak is moderately wounded.
You feel sick. The black mamba barely misses you. The death yak gores you!
* * * LOW HITPOINT WARNING * * *
The black mamba misses you.
Use which ability? (? or * to list) Zin grants you divine stamina.
You are feeling hungry.
The black mamba closely misses you. The death yak gores you!!
You die...

#.##.. #####......####
#P.....^.....P#
###.............# ###
#...............####..
####..^.............#..P
..........^...^.........
.....#...Y...............
....#...@S...^.......P.#.
#.....8......^....P##P
##.^...^....^.....####
#..............P+.###
#..........^.....#.#.
#.....)^.........####
###.P.............##.
#+..........#...##.
..........#.#..#...


You could see a death yak, a black mamba and a friendly lightning spire.

Vanquished Creatures
  The ghost of hannobal the Thaumaturge, a powerful DrFE of Vehumet (Lair:2)
  2 hydras (Lair:3)
  An unseen horror (D:10)
  Erolcha (D:8)
  2 hill giants (D:10)
  5 black mambas (Lair:4)
  Maurice (D:10)
  4 komodo dragons
  A fire drake (Lair:3)
  3 spiny frogs
  Grinder (D:4)
  A bog body (Lair:4)
  2 basilisks
  6 hippogriffs
  Eustachio (D:10)
  Grum (D:10)
  6 yaks (Lair:1)
  A wyvern (D:9)
  3 hungry ghosts
  The ghost of monobi the Insei, an average OpMo (D:4)
  5 wolves
  8 water moccasins
  5 porcupines
  A sky beast (D:6)
  3 phantoms
  2 orc warriors
  3 centaurs
  10 crocodiles
  Sigmund (D:5)
  The ghost of Vidiiot the Cutter, an average KoFi (D:3)
  Duvessa (D:8)
  9 ogres
  A big kobold (D:10)
  7 giant frogs
  A gnoll sergeant (D:9)
  Blork the orc (D:5)
  A water moccasin zombie (D:5)
  A scorpion (D:5)
  3 wights (D:8)
  Dowan (D:8)
  A giant frog zombie (D:10)
  3 orc priests
  3 goliath beetles
  5 hounds
  6 crimson imps
  A centaur zombie (D:6)
  A quasit (D:10)
  Crazy Yiuf (D:7)
  2 orc wizards
  4 iguanas
  4 worker ants
  Ijyb (D:4)
  A hound zombie (D:5)
  4 worker ant zombies
  4 gnolls (D:9)
  15 adders
  18 river rats
  3 giant mites
  7 shadow imps (D:10)
  4 worms
  An ufetubus (D:10)
  3 adder skeletons
  8 giant geckos
  2 oozes
  27 orcs
  3 ball pythons
  4 giant cockroaches
  11 hobgoblins
  16 jackals
  10 quokkas
  19 bats
  8 giant newts
  A giant spore (D:7)
  2 gnoll zombies (D:6)
  17 goblins
  A jackal zombie (D:5)
  18 kobolds
  A quokka skeleton (D:8)
  14 rats
  2 butterflies (D:7)
  2 plants (D:10)
367 creatures vanquished.

Vanquished Creatures (collateral kills)
  A hydra (Lair:5)
  A death yak (Lair:6)
  7 black mambas
  A spiny frog (Lair:7)
  A komodo dragon (Lair:1)
  2 fire drakes
  2 yaks (Lair:4)
  5 wolves
  3 water moccasins
  A wasp (Lair:4)
  2 crocodiles
  A giant frog (Lair:4)
  2 hounds
  A worker ant (D:9)
  An adder (Lair:5)
  5 river rats (Lair:4)
  A giant gecko (D:9)
  2 ball pythons (Lair:4)
  A fungus (Lair:4)
  A plant (Lair:7)
41 creatures vanquished.

Vanquished Creatures (others)
  12 hounds
  8 lightning spires
  11 fungi
  16 plants
47 creatures vanquished.

Grand Total: 455 creatures vanquished

Notes
Turn   | Place    | Note
--------------------------------------------------------------
     0 | D:1      | dvd, the Tengu Air Elementalist, began the quest for the Orb.
     0 | D:1      | Reached XP level 1. HP: 10/10 MP: 3/3
   215 | D:1      | Reached XP level 2. HP: 15/15 MP: 3/5
   457 | D:1      | Learned a level 2 spell: Repel Missiles
   638 | D:1      | Reached XP level 3. HP: 16/19 MP: 1/7
   764 | D:2      | Reached skill level 5 in Air Magic
  1166 | D:2      | You fall through a shaft for 2 floors!
  1211 | D:4      | Noticed an ogre
  1228 | D:3      | Reached XP level 4. HP: 24/24 MP: 6/9
  1494 | D:3      | Noticed Vidiiot's ghost (average KoFi)
  2090 | D:2      | Learned a level 3 spell: Static Discharge
  2566 | D:3      | Found an ancient bone altar of Kikubaaqudgha.
  2578 | D:3      | Reached XP level 5. HP: 25/28 MP: 6/12
  3060 | D:3      | Killed Vidiiot's ghost
  3322 | D:3      | Reached XP level 6. HP: 32/32 MP: 6/15
  3525 | D:4      | Noticed a phantom
  3547 | D:4      | Killed a phantom
  3547 | D:4      | Reached skill level 6 in Air Magic
  3621 | D:4      | Noticed Ijyb
  3641 | D:4      | Killed Ijyb
  3771 | D:4      | Noticed monobi's ghost (average OpMo)
  3777 | D:4      | Killed monobi's ghost
  3777 | D:4      | Reached skill level 1 in Short Blades
  3777 | D:4      | Reached XP level 7. HP: 37/37 MP: 11/18
  3783 | D:4      | Noticed Grinder
  3791 | D:4      | Paralysed by Grinder for 2 turns
  3796 | D:4      | Killed Grinder
  3895 | D:4      | Learned a level 2 spell: Repel Missiles
  3953 | D:4      | Found a glowing silver altar of Zin.
  3966 | D:4      | Became a worshipper of Zin the Law-Giver
  3966 | D:4      | Acquired Zin's first power
  3967 | D:4      | Donated 82 gold pieces to Zin
  3996 | D:4      | Donated 41 gold pieces to Zin
  4119 | D:4      | Killed an ogre
  4119 | D:4      | Reached skill level 5 in Conjurations
  4119 | D:4      | Reached skill level 7 in Air Magic
  4119 | D:4      | Reached XP level 8. HP: 11/42 MP: 11/21
  4505 | D:4      | Donated 34 gold pieces to Zin
  4681 | D:5      | Entered Level 5 of the Dungeon
  4746 | D:5      | Noticed Sigmund
  4758 | D:5      | Killed Sigmund
  4758 | D:5      | Reached skill level 5 in Spellcasting
  4761 | D:5      | Acquired Zin's second power
  5139 | D:5      | Reached skill level 1 in Fighting
  5256 | D:5      | Noticed Blork the orc
  5263 | D:5      | Killed Blork the orc
  5365 | D:5      | Reached skill level 5 in Dodging
  5401 | D:5      | Gained mutation: Your natural rate of healing is unusually fast. [potion of beneficial mutation]
  5647 | D:5      | Reached skill level 8 in Air Magic
  5677 | D:5      | Reached XP level 9. HP: 29/47 MP: 19/23
  5684 | D:5      | Learned a level 5 spell: Lightning Bolt
  6336 | D:6      | Reached skill level 1 in Invocations
  6942 | D:6      | Found a basalt altar of Yredelemnul.
  7540 | D:7      | Learned a level 4 spell: Summon Lightning Spire
  7564 | D:7      | Reached skill level 9 in Air Magic
  8118 | D:7      | Noticed Crazy Yiuf
  8130 | D:7      | Killed Crazy Yiuf
  8310 | D:7      | Found a staircase to the Ecumenical Temple.
  8361 | Temple   | Entered the Ecumenical Temple
  8778 | D:8      | Found a shimmering altar of Xom.
  8821 | D:8      | Noticed Dowan
  8822 | D:8      | Noticed Duvessa
  8836 | D:8      | Killed Duvessa
  8836 | D:8      | Killed Dowan
  8925 | D:8      | Found a bloodstained altar of Trog.
  8962 | D:8      | Acquired Zin's third power
  8986 | D:8      | Reached XP level 10. HP: 48/54 MP: 8/25
  9174 | D:8      | Learned a level 3 spell: Call Canine Familiar
  9279 | D:8      | Found Chuecaev's Assorted Antiques.
  9293 | D:8      | Noticed Erolcha
  9302 | D:8      | Killed Erolcha
  9302 | D:8      | Reached skill level 1 in Summonings
 10565 | D:10     | Entered Level 10 of the Dungeon
 10593 | D:10     | Noticed Grum
 10602 | D:10     | Noticed Maurice
 10612 | D:10     | Killed Grum
 10673 | D:10     | Killed Maurice
 10673 | D:10     | Reached skill level 1 in Charms
 10814 | D:10     | Noticed a hill giant
 10815 | D:10     | Found a staircase to the Lair.
 10832 | D:10     | Reached skill level 5 in Stealth
 10845 | D:10     | Killed a hill giant
 10900 | D:10     | Learned a level 4 spell: Iskenderun's Mystic Blast
 10918 | D:10     | Noticed Eustachio
 10957 | D:10     | Killed Eustachio
 11285 | D:10     | Noticed a hill giant
 11293 | D:10     | Killed a hill giant
 11296 | D:10     | Killed an unseen horror
 11344 | D:10     | Reached XP level 11. HP: 46/59 MP: 5/28
 11635 | Lair:1   | Entered Level 1 of the Lair of Beasts
 11774 | Lair:1   | Reached skill level 1 in Armour
 11814 | Lair:1   | Reached skill level 10 in Air Magic
 12105 | Lair:1   | You fall through a shaft!
 12852 | Lair:1   | Got a brightly glowing ring mail
 12863 | Lair:1   | Identified the +2 ring mail of Birdsong {rElec} (You found it on level 1 of the Lair of Beasts)
 13187 | Lair:2   | Noticed hannobal's ghost (powerful DrFE)
 13654 | Lair:2   | Killed hannobal's ghost
 14270 | Lair:3   | Noticed a seven-headed hydra
 14292 | Lair:3   | Killed a seven-headed hydra
 15163 | Lair:2   | Upgraded the game from 0.16.2-2-g470672f to 0.16.2-3-ga078185
 15248 | Lair:3   | HP: 1/60 [fire drake/blast of flame (16)]
 15938 | Lair:3   | Noticed a seven-headed hydra
 15943 | Lair:3   | Killed a seven-headed hydra
 15943 | Lair:3   | Reached XP level 12. HP: 64/64 MP: 9/29
 16170 | Lair:4   | Acquired Zin's fourth power
 16355 | Lair:4   | Found a staircase to the Snake Pit.
 16919 | Lair:4   | Reached skill level 5 in Summonings
 16987 | Lair:4   | Found a staircase to the Swamp.
 17708 | Lair:4   | Reached skill level 11 in Air Magic
 17947 | Lair:5   | Noticed a four-headed hydra
 17957 | Lair:5   | Killed a four-headed hydra
 18013 | Lair:5   | You fall through a shaft for 3 floors!
 18013 | Lair:8   | Entered Level 8 of the Lair of Beasts
 18214 | Lair:6   | Noticed a death yak
 18221 | Lair:6   | Killed a death yak
 18221 | Lair:6   | Reached skill level 5 in Charms
 18223 | Lair:6   | Noticed a death yak
 18224 | Lair:6   | Noticed a death yak
 18241 | Lair:6   | Mangled by a death yak

Action                   |  1- 3 |  4- 6 |  7- 9 | 10-12 || total
-------------------------+-------+-------+-------+-------++-------
Melee: Unarmed           |     1 |       |       |       ||     1
       Short sword       |    28 |    82 |   214 |   469 ||   793
       Staff             |       |     3 |       |    19 ||    22
       Rapier            |       |       |       |     8 ||     8
Throw: Tomahawk          |       |       |       |     1 ||     1
 Cast: Shock             |    57 |   106 |   200 |   169 ||   532
       Repel Missiles    |     1 |     1 |     1 |     1 ||     4
       Static Discharge  |       |     9 |     5 |     1 ||    15
       Lightning Bolt    |       |       |    14 |    75 ||    89
       Summon Lightning  |       |       |     2 |    35 ||    37
       Call Canine Famil |       |       |       |    29 ||    29
       Iskenderun's Myst |       |       |       |     7 ||     7
Invok: Vitalisation      |       |       |     2 |     8 ||    10
       Recite            |       |       |     8 |     4 ||    12
Evoke: Wand              |       |       |       |     2 ||     2
       Disc of storms    |       |       |       |     1 ||     1
  Use: Scroll            |       |     4 |     8 |    20 ||    32
       Potion            |       |       |    13 |     8 ||    21
 Stab: Sleeping          |     1 |       |     4 |     6 ||    11
       Confused          |       |       |       |     1 ||     1
       Distracted        |       |       |       |     6 ||     6
  Eat: Chunk             |     2 |     8 |     4 |    20 ||    34
       Fruit             |       |     1 |       |     3 ||     4
       Meat ration       |       |       |     3 |     4 ||     7
       Pizza             |       |       |     1 |     1 ||     2
       Bread ration      |       |       |       |     2 ||     2
